 Dungeon Crawl Stone Soup version 0.31-a0-640-g39d97e502b (webtiles) character file.

Game seed: 6531659763941172737

35 qw the Shooter (level 3, -1/21 HPs)
             Began as a Gargoyle Hunter on Aug 27, 2023.
             Slain by Sigmund
             ... wielding a +0 vampiric scythe
              (4 damage)
             ... on level 2 of the Dungeon.
             The game lasted 00:00:16 (557 turns).

qw the Shooter (Gargoyle Hunter)                     Turns: 557, Time: 00:00:17

Health: -1/21      AC:  7    Str: 14    XL:     3   Next: 33%
Magic:  3/3        EV: 11    Int:  9    God:
Gold:   34         SH:  0    Dex: 15    Spells: 2/2 levels left

rFire   . . .        Y - +1 shortbow
rCold   . . .        (shield currently unavailable)
rNeg    + . .        c - +0 leather armour
rPois   inf          (no helmet)
rElec   +            (no cloak)
rCorr   .            (no gloves)
SInv    .            h - +0 pair of boots
Will    .....        (no amulet)
Stlth   +            (no ring)
HPRegen 0.23/turn    (no ring)
MPRegen 0.08/turn

%: no passive effects
@: confused
A: sickness immunity, AC +3, negative energy resistance 1, electricity
resistance, torment resistance 1, petrification resistance
a: no special abilities


You were on level 2 of the Dungeon.
You visited 1 branch of the dungeon, and saw 2 of its levels.

You collected 34 gold pieces.


Innate Abilities, Weirdness & Mutations

You are immune to sickness and miasma.
Your stone body is resilient. (AC +3)
You are immune to poison.
You resist negative energy. (rN+)
You are resistant to electric shocks. (rElec)
You are resistant to unholy torment.
You are immune to petrification.


   Skills:
 + Level 2.1 Fighting
 - Level 5.1 Ranged Weapons
 - Level 1.5 Dodging
 - Level 1.1 Stealth


You had 2 spell levels left.
You didn't know any spells.
Your spell library was empty.

Inventory:

Hand Weapons
 Y - a +1 shortbow (weapon)
Armour
 c - a +0 leather armour (worn)
 h - a +0 pair of boots (worn)
Scrolls
 f - 2 scrolls of identify

Dungeon Overview and Level Annotations

Branches:
Dungeon (2/15)

Altars:

Annotations:
D:2 Sigmund


Message History

Increase (S)trength, (I)ntelligence, or (D)exterity?
You feel agile. x2
You shoot an arrow. The arrow barely misses the adder.
The arrow barely misses the goblin.
The bat hits you but does no damage. The adder barely misses you.
Sigmund hits you but does no damage.
You shoot an arrow. The arrow closely misses the adder.
The arrow hits the goblin.
You kill the goblin!
The bat closely misses you. The adder closely misses you.
Sigmund hits you but does no damage. The adder closely misses you.
You shoot an arrow. The arrow closely misses the adder.
The bat barely misses you. The adder completely misses you.
The bat hits you but does no damage.
You shoot an arrow. The arrow hits the adder!
The adder is severely wounded.
The bat barely misses you. Sigmund closely misses you.
The adder bites you but does no damage. The adder barely misses you.
You shoot an arrow. The arrow barely misses the adder.
You hear an angry hiss.
The bat hits you but does no damage. Sigmund barely misses you.
The adder bites you but does no damage.
An adder comes into view.
You shoot an arrow. The arrow hits the adder!
You kill the adder!
The bat closely misses you. The bat hits you but does no damage.
Sigmund casts a spell at you.
You are confused.
Your Ranged Weapons skill increases to level 5!
The bat barely misses you.
Sigmund hits you from afar with a +0 vampiric scythe!
The adder bites you but does no damage. The bat hits you but does no damage.
The adder closely misses you. The bat hits you but does no damage.
Sigmund hits you but does no damage. The adder barely misses you.
The adder bites you but does no damage. The bat misses you.
A rat comes into view.
Sigmund hits you from afar with a +0 vampiric scythe.
You die...
Sigmund begins carving another notch in his scythe.

............"..
...................(
.............g....###.
....... ..............
....... #.....$.....
....... #........#
r.....) ##........#..
#...###...........#
#b@S)....<.......
####@.........#..
....#........#
##..#...........
#$.##........... ..#
#######..#.# ... ..# .
.#. ..#


You could see Sigmund, an adder, a bat and a rat (wandering).

Vanquished Creatures
  A gnoll (D:1)
  An adder (D:2)
  4 bats
  2 endoplasms (D:1)
  2 goblins
  2 hobgoblins (D:1)
  A quokka (D:1)
  A frilled lizard (D:1)
  A kobold (D:1)
15 creatures vanquished.

Notes
Turn   | Place    | Note
-------+----------+-------------------------------------------
     0 | D:1      | qw the Gargoyle Hunter began the quest for the Orb.
     0 | D:1      | Reached XP level 1. HP: 12/12 MP: 1/1
     0 | D:1      | 0 ||| qw: Version: 0.3-a-74-g0d5e918
     0 | D:1      | 0 ||| qw: Game counter: 65
     0 | D:1      | 0 ||| qw: Melee chars always use a shield: true
     0 | D:1      | 0 ||| qw: God list: Okawaru
     0 | D:1      | 0 ||| qw: Allow faded altars: false
     0 | D:1      | 0 ||| qw: Do Orc after clearing Dungeon:15 true
     0 | D:1      | 0 ||| qw: Do second Lair branch before Depths: true
     0 | D:1      | 0 ||| qw: Lair rune preference: random
     0 | D:1      | 0 ||| qw: Goals: Normal
     0 | D:1      | 0 ||| PLANNING D:1-11
   220 | D:1      | Reached XP level 2. HP: 17/17 MP: 2/2
   508 | D:1      | 508 ||| UPGRADING to +0 pair of boots.
   513 | D:1      | 513 ||| READING scroll labelled GANTOANIHA.
   514 | D:1      | 514 ||| READING scroll labelled ASIX LANIUCVUWK.
   515 | D:1      | 515 ||| READING 3 scrolls labelled DOGIRACASK.
   516 | D:1      | 516 ||| READING scroll labelled QAEFERGH ERAE.
   517 | D:1      | 517 ||| READING scroll labelled CAPOTS DUXE.
   518 | D:1      | 518 ||| READING scroll labelled WEAQYN WAINO.
   519 | D:1      | 519 ||| DROPPING scroll of butterflies.
   537 | D:2      | Noticed Sigmund
   538 | D:2      | 538 ||| RETREATING.
   540 | D:2      | 540 ||| Stepping ~*~*~tactically~*~*~ (retreating).
   541 | D:2      | 541 ||| Stepping ~*~*~tactically~*~*~ (retreating).
   542 | D:2      | 542 ||| Stepping ~*~*~tactically~*~*~ (retreating).
   543 | D:2      | 543 ||| Stepping ~*~*~tactically~*~*~ (retreating).
   544 | D:2      | 544 ||| Stepping ~*~*~tactically~*~*~ (retreating).
   548 | D:2      | Reached XP level 3. HP: 11/21 MP: 3/3
   554 | D:2      | Reached skill level 5 in Ranged Weapons
   554 | D:2      | HP: 3/21 [Sigmund/+0 vampiric scythe (10)]
   557 | D:2      | Slain by Sigmund

Levels and vault maps discovered:
D:1:      orjb1_lava_funnel, layout_basic
D:2:      layout_rooms, uniq_terence, uniq_sigmund

Skill      XL: |  1  2  3 |
---------------+----------+-----
Ranged Weapons | 5 |  5.1
Fighting       | |  2.1
Dodging        | |  1.5
Stealth        | |  1.1

Action                     || total
---------------------------++-------
   Fire: Shortbow          ||    55
    Use: Scroll            ||     6
 Armour: Leather armour    ||    32
  Dodge: Dodged            ||    42

Table legend:
 A = Non-vault XP
 B = Vault XP
 C = Vault XP percentage of total XP
 D = Non-vault monster count
 E = Vault monster count
 F = Vault count percentage of total count
                 A         B        C        D         E       F
            +---------+---------+-------+---------+---------+-------
      Total |      50 |       0 |   0.0 |      15 |       0 |   0.0
            +---------+---------+-------+---------+---------+-------
        D:1 |      33 |       0 |   0.0 |      12 |       0 |   0.0
        D:2 |      17 |       0 |   0.0 |       3 |       0 |   0.0
            +---------+---------+-------+---------+---------+-------
